Capitals vs Blues
Created - November 13, 2024 at 20:26
Goals
|
| Capitals |
1 |
2 |
0 |
3 |
| Blues |
1 |
1 |
0 |
2 |
|
Shots
|
| Capitals |
11 |
13 |
8 |
32 |
| Blues |
5 |
6 |
6 |
17 |
|
1st period
1. Capitals , Taylor Hall 5 (Nicklas Backstrom 9, Patrick Kane 3) at 14:24
2. Blues , Devin Shore 2 (Drew Shore 1, Nick Schmaltz 3) at 15:33 (SH)
Penalties :
Sergey Kalinin (Was) for Kneeing (Major) at 2:54, Travis Sanheim (Stl) for Interference (Minor) at 11:10, Cody Ceci (Stl) for Slashing (Minor) at 14:35, Joe Colborne (Was) for Interference (Minor) at 18:04
2nd period
3. Blues , Nathan MacKinnon 11 (Filip Forsberg 13) at 0:53
4. Capitals , Cody Hodgson 3 (Alexei Marchenko 4, Marko Dano 2) at 1:33
5. Capitals , Patrick Kane 7 (Taylor Hall 4, Nicklas Backstrom 10) at 16:28 (PP)
Penalties :
Colten Teubert (Was) for Tripping (Minor) at 7:42, Jordan Kyrou (Stl) for Holding (Minor) at 10:35, Cody Ceci (Stl) for Holding Stick (Minor) at 16:14
3rd period
No Goal
Penalties :
Josh Morrissey (Stl) for Holding (Minor) at 12:33, Jujhar Khaira (Stl) for Delaying the game (Minor) at 16:54
Goalie Stats
Cory Schneider (Was), 15 saves from 17 shots - (0.882), W, 4-4-2, 60:00 minutes
Carey Price (Stl), 29 saves from 32 shots - (0.906), L, 6-2-0, 58:56 minutes
Players Stats for Capitals
Player Name G A P +/- PIM S H SB GA TA FO MP PP MP PK MP
------------------------------------------------------------------------------------
Alexei Marchenko 0 1 1 1 0 3 2 2 1 0 0/0 28:28 5:58 4:52
Blake Pietila 0 0 0 0 0 1 1 0 0 0 0/0 7:30 0:00 0:51
Bobby Ryan 0 0 0 1 0 1 2 0 0 0 0/0 15:42 4:22 0:00
Brandon Burlon 0 0 0 0 0 0 0 1 0 0 0/0 8:29 0:00 0:00
Brandon Gormley 0 0 0 1 0 2 3 2 1 0 0/0 28:28 5:58 4:52
Cody Hodgson 1 0 1 1 0 5 1 1 0 0 3/8 17:05 4:22 0:46
Colten Teubert 0 0 0 0 2 4 1 0 0 0 0/0 9:05 0:00 0:00
Jeff Skinner 0 0 0 0 0 0 1 0 0 0 0/0 10:06 0:00 0:00
Joe Colborne 0 0 0 0 2 4 0 0 0 0 2/3 10:22 0:00 0:00
Marko Dano 0 1 1 1 0 1 2 0 0 1 0/0 18:54 4:22 3:12
Mike Green 0 0 0 -1 0 1 0 0 0 1 0/0 23:03 4:11 4:05
Nicklas Backstrom 0 2 2 -1 0 1 0 0 0 1 15/36 21:31 5:47 3:12
Nicolas Aube-Kubel 0 0 0 0 0 2 1 0 1 0 0/0 10:06 0:00 0:00
Patrick Kane 1 1 2 -1 0 6 2 0 4 0 6/11 23:47 5:47 4:59
Phil Kessel 0 0 0 0 0 0 0 0 0 0 0/0 5:50 0:00 0:00
Sergey Kalinin 0 0 0 0 5 0 2 0 0 1 2/3 6:01 0:00 0:00
Shea Theodore 0 0 0 -1 0 0 0 0 0 1 0/0 23:03 4:11 4:05
Taylor Hall 1 1 2 -1 0 1 2 1 0 0 3/4 23:30 5:47 4:54
Players Stats for Blues
Player Name G A P +/- PIM S H SB GA TA FO MP PP MP PK MP
------------------------------------------------------------------------------------
Adam Henrique 0 0 0 0 0 0 3 0 1 1 2/6 11:42 4:00 0:09
Brandon Montour 0 0 0 2 0 0 1 0 0 0 0/0 23:06 0:00 6:22
Cody Ceci 0 0 0 -1 4 0 0 2 0 3 0/0 21:10 0:00 4:37
David Perron 0 0 0 0 0 2 5 1 1 0 0/0 12:40 4:00 1:07
Devin Shore 1 0 1 1 0 1 0 0 1 0 5/11 15:19 0:10 3:13
Dominik Simon 0 0 0 0 0 0 0 0 0 0 0/1 5:40 0:10 0:00
Drew Shore 0 1 1 0 0 2 0 0 0 0 8/13 11:33 0:00 5:46
Ethan Bear 0 0 0 -1 0 0 2 2 0 1 0/0 14:34 5:35 0:00
Filip Forsberg 0 1 1 -1 0 4 3 1 0 0 0/1 21:26 4:47 1:01
Jordan Kyrou 0 0 0 0 2 1 0 0 0 0 0/0 5:20 0:00 0:00
Josh Morrissey 0 0 0 1 2 0 2 0 1 0 0/0 20:31 3:22 2:58
Jujhar Khaira 0 0 0 0 2 0 0 0 0 0 0/0 12:34 0:00 0:00
Nathan MacKinnon 1 0 1 -1 0 2 3 1 1 0 17/31 20:25 4:47 0:00
Nick Schmaltz 0 1 1 0 0 0 3 1 0 0 0/0 13:24 0:10 5:49
Nikolaj Ehlers 0 0 0 -1 0 1 1 1 0 0 1/1 19:18 4:00 0:00
Seth Jones 0 0 0 -1 0 2 4 1 0 1 0/0 25:10 5:35 4:27
Teuvo Teravainen 0 0 0 1 0 2 5 0 0 1 1/1 20:02 4:47 3:13
Travis Sanheim 0 0 0 0 2 0 2 0 0 0 0/0 15:51 3:22 1:54
3 Stars
1 - Taylor Hall (Was)
2 - Patrick Kane (Was)
3 - Cody Hodgson (Was)
Power Play
Capitals - 1 on 6 Attempt(s) - 16.67%
Blues - 0 on 3 Attempt(s) - 0.00%
Penalty Kill
Capitals - 3 on 3 Attempt(s) - 100.00%
- Score 0 goal in Penalty Kill
Blues - 5 on 6 Attempt(s) - 83.33%
- Score 1 goal in Penalty Kill
Team Stat
Capitals - Hits : 20 - Faceoff Wins : 31 - Blocked Shots : 7 - Penalty Minutes : 9
Blues - Hits : 34 - Faceoff Wins : 34 - Blocked Shots : 10 - Penalty Minutes : 12
Official
Referees : Furman South and Kevin Pollock
Linesman : Julien Fournier and Trent Knorr
Game Notes
No Game Note
Finance
Level 1 -- Attendance: 5819 (96.98%) -- Ticket Income $581,900
Level 2 -- Attendance: 5000 (100.00%) -- Ticket Income $350,000
Level 3 -- Attendance: 1958 (97.90%) -- Ticket Income $78,320
Level 4 -- Attendance: 3663 (91.58%) -- Ticket Income $109,890
Luxury Box -- Attendance: 1000 (100.00%) -- Ticket Income $200,000
Game was played at the Enterprise Center.
Total Attendance: 17440 (96.89%)
Total Ticket Income: $1,320,110
Other Income: $198,016
Total Income: $1,518,126
Capitals
5 vs 5 Forward
Center Left Wing Right Wing Time % Phy DF OF
1 Nicklas Backstrom Taylor Hall Patrick Kane 40 0 1 4
2 Cody Hodgson Marko Dano Bobby Ryan 30 0 1 4
3 Joe Colborne Jeff Skinner Nicolas Aube-Kubel 20 0 1 4
4 Sergey Kalinin Blake Pietila Phil Kessel 10 0 2 3
5 vs 5 Defense
Defense Defense Time % Phy DF OF
1 Brandon Gormley Alexei Marchenko 40 0 2 3
2 Mike Green Shea Theodore 30 0 2 3
3 Colten Teubert Brandon Burlon 20 0 3 2
4 Brandon Gormley Alexei Marchenko 10 0 3 2
PowerPlay Forward
Center Left Wing Right Wing Time % Phy DF OF
1 Nicklas Backstrom Taylor Hall Patrick Kane 60 0 0 5
2 Cody Hodgson Marko Dano Bobby Ryan 40 0 0 5
PowerPlay Defense
Defense Defense Time % Phy DF OF
1 Brandon Gormley Alexei Marchenko 60 0 2 3
2 Mike Green Shea Theodore 40 0 2 3
Penalty Kill 4 Players Forward
Center Wing Time % Phy DF OF
1 Patrick Kane Taylor Hall 60 0 3 2
2 Nicklas Backstrom Marko Dano 40 0 3 2
Penalty Kill 4 Players Defense
Defense Defense Time % Phy DF OF
1 Brandon Gormley Alexei Marchenko 60 0 4 1
2 Mike Green Shea Theodore 40 0 4 1
Penalty Kill - 3 Players Forward
Forward Time % Phy DF OF
1 Patrick Kane 60 0 5 0
2 Taylor Hall 40 0 5 0
Penalty Kill - 3 Players Defense
Defense Defense Time % Phy DF OF
1 Brandon Gormley Alexei Marchenko 60 0 5 0
2 Mike Green Shea Theodore 40 0 5 0
4 vs 4 Forward
Center Wing Time % Phy DF OF
1 Patrick Kane Taylor Hall 60 0 1 4
2 Nicklas Backstrom Marko Dano 40 0 1 4
4 vs 4 Defense
Defense Defense Time % Phy DF OF
1 Brandon Gormley Alexei Marchenko 60 0 2 3
2 Mike Green Shea Theodore 40 0 3 2
Last Minutes Offensive
Center Left Wing Right Wing Defense Defense
Nicklas Backstrom Taylor Hall Patrick Kane Brandon Gormley Alexei Marchenko
Last Minutes Defensive
Center Left Wing Right Wing Defense Defense
Nicklas Backstrom Taylor Hall Patrick Kane Brandon Gormley Alexei Marchenko
Goaltenders
Starting : Cory Schneider
Backup : Chet Pickard
Extra Forwards
Normal : Taylor Hall, Patrick Kane, Marko Dano - PP : Taylor Hall, Patrick Kane - PK : Patrick Kane
Extra Defensemen
Normal : Brandon Gormley, Shea Theodore, Alexei Marchenko - PP : Shea Theodore - PK : Alexei Marchenko, Brandon Gormley
Penalty Shots
Patrick Kane, Taylor Hall, Nicklas Backstrom, Marko Dano, Jeff Skinner
Custom OT Lines Forwards
Patrick Kane, Taylor Hall, Nicklas Backstrom, Marko Dano, Jeff Skinner, Cody Hodgson, Blake Pietila, Bobby Ryan, Joe Colborne, Nicolas Aube-Kubel
Custom OT Lines Defensemen
Brandon Gormley, Alexei Marchenko, Mike Green, Shea Theodore, Colten Teubert
Scratches
None
Blues
5 vs 5 Forward
Center Left Wing Right Wing Time % Phy DF OF
1 Nathan MacKinnon Filip Forsberg Nikolaj Ehlers 40 0 2 3
2 Devin Shore Jujhar Khaira Teuvo Teravainen 30 0 2 3
3 Adam Henrique David Perron Nick Schmaltz 20 1 2 2
4 Drew Shore Dominik Simon Jordan Kyrou 10 0 3 2
5 vs 5 Defense
Defense Defense Time % Phy DF OF
1 Seth Jones Cody Ceci 40 1 2 2
2 Josh Morrissey Brandon Montour 30 1 2 2
3 Ethan Bear Travis Sanheim 20 1 2 2
4 Josh Morrissey Cody Ceci 10 1 2 2
PowerPlay Forward
Center Left Wing Right Wing Time % Phy DF OF
1 Nathan MacKinnon Filip Forsberg Teuvo Teravainen 60 0 2 3
2 Adam Henrique David Perron Nikolaj Ehlers 40 0 2 3
PowerPlay Defense
Defense Defense Time % Phy DF OF
1 Seth Jones Ethan Bear 60 0 2 3
2 Josh Morrissey Travis Sanheim 40 0 2 3
Penalty Kill 4 Players Forward
Center Wing Time % Phy DF OF
1 Drew Shore Nick Schmaltz 60 1 3 1
2 Devin Shore Teuvo Teravainen 40 1 3 1
Penalty Kill 4 Players Defense
Defense Defense Time % Phy DF OF
1 Brandon Montour Cody Ceci 60 1 2 2
2 Josh Morrissey Seth Jones 40 1 2 2
Penalty Kill - 3 Players Forward
Forward Time % Phy DF OF
1 Drew Shore 60 1 2 2
2 Devin Shore 40 1 2 2
Penalty Kill - 3 Players Defense
Defense Defense Time % Phy DF OF
1 Cody Ceci Brandon Montour 60 1 2 2
2 Seth Jones Josh Morrissey 40 1 2 2
4 vs 4 Forward
Center Wing Time % Phy DF OF
1 Nathan MacKinnon Filip Forsberg 60 1 2 2
2 Devin Shore Nikolaj Ehlers 40 1 2 2
4 vs 4 Defense
Defense Defense Time % Phy DF OF
1 Seth Jones Brandon Montour 60 1 2 2
2 Cody Ceci Josh Morrissey 40 1 2 2
Last Minutes Offensive
Center Left Wing Right Wing Defense Defense
Nathan MacKinnon Filip Forsberg Nikolaj Ehlers Seth Jones Travis Sanheim
Last Minutes Defensive
Center Left Wing Right Wing Defense Defense
Drew Shore Jujhar Khaira Teuvo Teravainen Brandon Montour Cody Ceci
Goaltenders
Starting : Carey Price
Backup : Jake Oettinger
Extra Forwards
Normal : Jordan Kyrou, Nikolaj Ehlers, Drew Shore - PP : David Perron, Teuvo Teravainen - PK : Filip Forsberg
Extra Defensemen
Normal : Cody Ceci, Travis Sanheim, Seth Jones - PP : Cody Ceci - PK : Seth Jones, Travis Sanheim
Penalty Shots
Jordan Kyrou, David Perron, Filip Forsberg, Teuvo Teravainen, Devin Shore
Custom OT Lines Forwards
Filip Forsberg, Nathan MacKinnon, Teuvo Teravainen, Nikolaj Ehlers, David Perron, Devin Shore, Adam Henrique, Jujhar Khaira, Drew Shore, Nick Schmaltz
Custom OT Lines Defensemen
Seth Jones, Josh Morrissey, Brandon Montour, Travis Sanheim, Cody Ceci
Scratches
Petter Granberg (Healthy), Luke Glendening (Healthy)
% Time on Ice - Capitals
Lines # - Real PCT - Wanted PCT - Time Play
Normal Forward
1 - 33% - 40% - 13:22
2 - 28% - 30% - 11:20
3 - 25% - 20% - 10:06
4 - 14% - 10% - 5:50
Normal Defense
1 - 41% - 40% - 16:38
2 - 36% - 30% - 14:47
3 - 21% - 20% - 8:29
4 - 2% - 10% - 0:44
PP Forward
1 - 57% - 60% - 5:47
2 - 43% - 40% - 4:22
PP Defense
1 - 59% - 60% - 5:58
2 - 41% - 40% - 4:11
PK Forward
1 - 64% - 60% - 5:45
2 - 36% - 40% - 3:12
PK Defense
1 - 54% - 60% - 4:52
2 - 46% - 40% - 4:05
PK3 Forward
1 - 0% - 60%
2 - 0% - 40%
PK3 Defense
1 - 0% - 60%
2 - 0% - 40%
44 Forward
1 - 0% - 60%
2 - 0% - 40%
44 Defense
1 - 0% - 60%
2 - 0% - 40%
Last Minute Offensive - 0:00
Last Minute Defensive - 0:16
Total
Forward - 60:00
Defense - 60:00
|
% Time on Ice - Blues
Lines # - Real PCT - Wanted PCT - Time Play
Normal Forward
1 - 41% - 40% - 16:51
2 - 29% - 30% - 11:45
3 - 17% - 20% - 6:43
4 - 13% - 10% - 5:19
Normal Defense
1 - 43% - 40% - 17:35
2 - 32% - 30% - 13:02
3 - 22% - 20% - 9:04
4 - 2% - 10% - 0:57
PP Forward
1 - 55% - 60% - 4:57
2 - 45% - 40% - 4:00
PP Defense
1 - 62% - 60% - 5:35
2 - 38% - 40% - 3:22
PK Forward
1 - 68% - 60% - 6:56
2 - 32% - 40% - 3:13
PK Defense
1 - 63% - 60% - 6:22
2 - 37% - 40% - 3:47
PK3 Forward
1 - 0% - 60%
2 - 0% - 40%
PK3 Defense
1 - 0% - 60%
2 - 0% - 40%
44 Forward
1 - 0% - 60%
2 - 0% - 40%
44 Defense
1 - 0% - 60%
2 - 0% - 40%
Last Minute Offensive - 0:16
Last Minute Defensive - 0:00
Total
Forward - 60:00
Defense - 60:00
|
Play-by-Play
1st period
0:01 of 1st period - Nathan MacKinnon wins face-off versus Nicklas Backstrom in neutral zone.
0:26 of 1st period - Cody Ceci is hit by Marko Dano and loses puck.
1:11 of 1st period - Slapshot by Blake Pietila.
1:11 of 1st period - Stopped by Carey Price with a rebound.
1:17 of 1st period - Wrist shot by Josh Morrissey.
1:17 of 1st period - Shot Misses the Net.
1:41 of 1st period - Snap shot by Patrick Kane.
1:41 of 1st period - Shot Misses the Net.
1:53 of 1st period - Colten Teubert is hit by Teuvo Teravainen and loses puck.
2:14 of 1st period - Brandon Burlon is hit by Nick Schmaltz.
2:22 of 1st period - Snap shot by Jeff Skinner.
2:22 of 1st period - Shot Misses the Net.
2:24 of 1st period - Wrist shot by Nicolas Aube-Kubel.
2:24 of 1st period - Shot Misses the Net.
2:54 of 1st period - Major Penalty to Sergey Kalinin for Kneeing.
2:55 of 1st period - Nathan MacKinnon wins face-off versus Patrick Kane in Capitals zone.
3:27 of 1st period - Off-side.
3:28 of 1st period - Nicklas Backstrom wins face-off versus Nathan MacKinnon in neutral zone.
3:31 of 1st period - Wrist shot by Nicklas Backstrom.
3:31 of 1st period - Shot Misses the Net.
3:37 of 1st period - Shea Theodore is hit by Nathan MacKinnon and loses puck.
3:52 of 1st period - Josh Morrissey is hit by Taylor Hall and loses puck.
3:59 of 1st period - Mike Green is hit by Adam Henrique and loses puck.
4:12 of 1st period - Taylor Hall is hit by Seth Jones and loses puck.
4:22 of 1st period - Off-side.
4:23 of 1st period - Nicklas Backstrom wins face-off versus Nathan MacKinnon in neutral zone.
4:43 of 1st period - Snap shot by David Perron.
4:43 of 1st period - Stopped by Cory Schneider without a rebound.
4:44 of 1st period - Patrick Kane wins face-off versus Adam Henrique in Capitals zone.
5:45 of 1st period - Icing by Adam Henrique.
5:46 of 1st period - Patrick Kane wins face-off versus Adam Henrique in Blues zone.
6:01 of 1st period - Snap shot by Nicklas Backstrom.
6:01 of 1st period - Shot Misses the Net.
7:54 of 1st period - Penalty to Sergey Kalinin is over, Sergey Kalinin is back on ice.
7:56 of 1st period - Blake Pietila is hit by Nick Schmaltz and loses puck.
8:25 of 1st period - Shea Theodore is hit by Teuvo Teravainen and loses puck.
8:46 of 1st period - Snap shot by Cody Hodgson.
8:46 of 1st period - Stopped by Carey Price with a rebound.
8:53 of 1st period - Icing by Nathan MacKinnon.
8:54 of 1st period - Adam Henrique wins face-off versus Sergey Kalinin in Blues zone.
9:05 of 1st period - Snap shot by David Perron.
9:05 of 1st period - Shot Blocked by Brandon Gormley.
9:47 of 1st period - Snap shot by Taylor Hall.
9:47 of 1st period - Shot Misses the Net.
9:49 of 1st period - Snap shot by Nicklas Backstrom.
9:49 of 1st period - Stopped by Carey Price without a rebound.
9:50 of 1st period - Nicklas Backstrom wins face-off versus Devin Shore in Blues zone.
10:19 of 1st period - Snap shot by Teuvo Teravainen.
10:19 of 1st period - Stopped by Cory Schneider with a rebound.
10:28 of 1st period - Slapshot by Colten Teubert.
10:28 of 1st period - Stopped by Carey Price without a rebound.
10:29 of 1st period - Nathan MacKinnon wins face-off versus Nicklas Backstrom in Blues zone.
10:56 of 1st period - Josh Morrissey is hit by Brandon Gormley and loses puck.
11:10 of 1st period - Minor Penalty to Travis Sanheim for Interference.
11:11 of 1st period - Drew Shore wins face-off versus Nicklas Backstrom in Blues zone.
11:25 of 1st period - Slapshot by Patrick Kane.
11:25 of 1st period - Stopped by Carey Price with a rebound.
11:27 of 1st period - Slapshot by Shea Theodore.
11:27 of 1st period - Deflect By Taylor Hall.
11:27 of 1st period - Shot Misses the Net.
11:27 of 1st period - Puck is out of play.
11:28 of 1st period - Taylor Hall wins face-off versus Drew Shore in Blues zone.
11:29 of 1st period - Slapshot by Patrick Kane.
11:29 of 1st period - Stopped by Carey Price without a rebound.
11:30 of 1st period - Drew Shore wins face-off versus Nicklas Backstrom in Blues zone.
11:43 of 1st period - Cody Ceci is hit by Patrick Kane and loses puck.
12:45 of 1st period - Brandon Gormley is hit by Teuvo Teravainen and loses puck.
13:10 of 1st period - Penalty to Travis Sanheim is over, Travis Sanheim is back on ice.
13:16 of 1st period - Wrist shot by Nikolaj Ehlers.
13:16 of 1st period - Stopped by Cory Schneider with a rebound.
13:22 of 1st period - Brandon Montour is hit by Alexei Marchenko and loses puck.
13:27 of 1st period - Snap shot by Nicolas Aube-Kubel.
13:27 of 1st period - Shot Blocked by Cody Ceci.
13:41 of 1st period - Slapshot by Joe Colborne.
13:41 of 1st period - Stopped by Carey Price without a rebound.
13:42 of 1st period - Sergey Kalinin wins face-off versus Devin Shore in Blues zone.
13:47 of 1st period - Snap shot by Phil Kessel.
13:47 of 1st period - Shot Misses the Net.
13:49 of 1st period - Wrist shot by Sergey Kalinin.
13:49 of 1st period - Deflect By Blake Pietila.
13:49 of 1st period - Shot Misses the Net.
13:49 of 1st period - Puck is out of play.
13:50 of 1st period - Nathan MacKinnon wins face-off versus Nicklas Backstrom in Blues zone.
13:56 of 1st period - Off-side.
13:57 of 1st period - Taylor Hall wins face-off versus Nathan MacKinnon in neutral zone.
14:11 of 1st period - Brandon Gormley is hit by Nathan MacKinnon and loses puck.
14:18 of 1st period - Wrist shot by Patrick Kane.
14:18 of 1st period - Shot Hit the Post.
14:24 of 1st period - Wrist shot by Taylor Hall.
14:24 of 1st period - Goal by Taylor Hall - Capitals : 1 - Blues : 0.
14:25 of 1st period - Taylor Hall wins face-off versus Nathan MacKinnon in neutral zone.
14:27 of 1st period - Off-side.
14:28 of 1st period - Nicklas Backstrom wins face-off versus Nathan MacKinnon in neutral zone.
14:28 of 1st period - Nicklas Backstrom is hit by Filip Forsberg.
14:35 of 1st period - Minor Penalty to Cody Ceci for Slashing.
14:36 of 1st period - Nicklas Backstrom wins face-off versus Drew Shore in Blues zone.
14:44 of 1st period - Snap shot by Patrick Kane.
14:44 of 1st period - Shot Misses the Net.
14:46 of 1st period - Wrist shot by Nicklas Backstrom.
14:46 of 1st period - Shot Misses the Net.
14:48 of 1st period - Snap shot by Brandon Gormley.
14:48 of 1st period - Stopped by Carey Price with a rebound.
14:50 of 1st period - Slapshot by Brandon Gormley.
14:50 of 1st period - Stopped by Carey Price with a rebound.
14:52 of 1st period - Wrist shot by Alexei Marchenko.
14:52 of 1st period - Stopped by Carey Price with a rebound.
15:33 of 1st period - Snap shot by Devin Shore.
15:33 of 1st period - Goal by Devin Shore - Capitals : 1 - Blues : 1.
15:34 of 1st period - Nicklas Backstrom wins face-off versus Drew Shore in neutral zone.
15:47 of 1st period - Slapshot by Patrick Kane.
15:47 of 1st period - Shot Blocked by Nick Schmaltz.
16:01 of 1st period - Drew Shore is hit by Marko Dano.
16:35 of 1st period - Penalty to Cody Ceci is over, Cody Ceci is back on ice.
17:03 of 1st period - Snap shot by Filip Forsberg.
17:03 of 1st period - Shot Blocked by Brandon Burlon.
17:09 of 1st period - Travis Sanheim is hit by Blake Pietila and loses puck.
17:22 of 1st period - Travis Sanheim is hit by Bobby Ryan and loses puck.
18:04 of 1st period - Minor Penalty to Joe Colborne for Interference.
18:05 of 1st period - Patrick Kane wins face-off versus Nathan MacKinnon in Capitals zone.
18:05 of 1st period - Patrick Kane is hit by Seth Jones.
18:35 of 1st period - Alexei Marchenko is hit by David Perron and loses puck.
18:48 of 1st period - Patrick Kane is hit by Ethan Bear and loses puck.
19:15 of 1st period - Backhand shot by Seth Jones.
19:15 of 1st period - Stopped by Cory Schneider without a rebound.
19:16 of 1st period - Nathan MacKinnon wins face-off versus Patrick Kane in Capitals zone.
19:33 of 1st period - Wrist shot by Nathan MacKinnon.
19:33 of 1st period - Shot Blocked by Taylor Hall.
Goals for this period are 1 for Capitals vs 1 for Blues.
Shots for this period are 11 for Capitals vs 5 for Blues.
2nd period
0:01 of 2nd period - Patrick Kane wins face-off versus Nathan MacKinnon in neutral zone.
0:04 of 2nd period - Penalty to Joe Colborne is over, Joe Colborne is back on ice.
0:26 of 2nd period - Brandon Gormley is hit by Ethan Bear and loses puck.
0:37 of 2nd period - Wrist shot by David Perron.
0:37 of 2nd period - Deflect By Adam Henrique.
0:37 of 2nd period - Shot Misses the Net.
0:37 of 2nd period - Puck is out of play.
0:38 of 2nd period - Nikolaj Ehlers wins face-off versus Nicklas Backstrom in Capitals zone.
0:53 of 2nd period - Slapshot by Nathan MacKinnon.
0:53 of 2nd period - Goal by Nathan MacKinnon - Capitals : 1 - Blues : 2.
0:54 of 2nd period - Devin Shore wins face-off versus Nicklas Backstrom in neutral zone.
1:25 of 2nd period - Wrist shot by Marko Dano.
1:25 of 2nd period - Shot Blocked by Cody Ceci.
1:27 of 2nd period - Slapshot by Cody Hodgson.
1:27 of 2nd period - Shot Blocked by Filip Forsberg.
1:29 of 2nd period - Snap shot by Alexei Marchenko.
1:29 of 2nd period - Shot Misses the Net.
1:31 of 2nd period - Slapshot by Alexei Marchenko.
1:31 of 2nd period - Shot Blocked by Nikolaj Ehlers.
1:33 of 2nd period - Slapshot by Cody Hodgson.
1:33 of 2nd period - Goal by Cody Hodgson - Capitals : 2 - Blues : 2.
1:34 of 2nd period - Devin Shore wins face-off versus Nicklas Backstrom in neutral zone.
1:46 of 2nd period - Snap shot by Patrick Kane.
1:46 of 2nd period - Stopped by Carey Price without a rebound.
1:47 of 2nd period - Nathan MacKinnon wins face-off versus Nicklas Backstrom in Blues zone.
2:37 of 2nd period - David Perron is hit by Jeff Skinner and loses puck.
2:48 of 2nd period - Snap shot by Joe Colborne.
2:48 of 2nd period - Shot Blocked by David Perron.
3:02 of 2nd period - Cody Ceci is hit by Taylor Hall and loses puck.
3:22 of 2nd period - Nathan MacKinnon is hit by Brandon Gormley and loses puck.
4:00 of 2nd period - Icing by Brandon Gormley.
4:01 of 2nd period - Adam Henrique wins face-off versus Cody Hodgson in Capitals zone.
4:02 of 2nd period - Snap shot by David Perron.
4:02 of 2nd period - Shot Misses the Net.
4:10 of 2nd period - Snap shot by Cody Hodgson.
4:10 of 2nd period - Stopped by Carey Price without a rebound.
4:11 of 2nd period - Nicklas Backstrom wins face-off versus Nathan MacKinnon in Blues zone.
4:26 of 2nd period - Wrist shot by Patrick Kane.
4:26 of 2nd period - Stopped by Carey Price with a rebound.
4:28 of 2nd period - Slapshot by Mike Green.
4:28 of 2nd period - Stopped by Carey Price with a rebound.
4:59 of 2nd period - Joe Colborne is hit by David Perron and loses puck.
5:46 of 2nd period - Backhand shot by Filip Forsberg.
5:46 of 2nd period - Stopped by Cory Schneider with a rebound.
5:48 of 2nd period - Snap shot by Filip Forsberg.
5:48 of 2nd period - Stopped by Cory Schneider without a rebound.
5:49 of 2nd period - Cody Hodgson wins face-off versus Nathan MacKinnon in Capitals zone.
6:07 of 2nd period - Off-side.
6:08 of 2nd period - Nicklas Backstrom wins face-off versus Devin Shore in neutral zone.
6:35 of 2nd period - Bobby Ryan is hit by Filip Forsberg and loses puck.
6:46 of 2nd period - Wrist shot by Cody Hodgson.
6:46 of 2nd period - Stopped by Carey Price with a rebound.
7:06 of 2nd period - Snap shot by Jordan Kyrou.
7:06 of 2nd period - Shot Misses the Net.
7:21 of 2nd period - Off-side.
7:22 of 2nd period - Sergey Kalinin wins face-off versus Adam Henrique in neutral zone.
7:42 of 2nd period - Minor Penalty to Colten Teubert for Tripping.
7:43 of 2nd period - Nathan MacKinnon wins face-off versus Patrick Kane in Capitals zone.
7:45 of 2nd period - Slapshot by Seth Jones.
7:45 of 2nd period - Shot Blocked by Alexei Marchenko.
7:55 of 2nd period - Slapshot by Seth Jones.
7:55 of 2nd period - Deflect By Teuvo Teravainen.
7:55 of 2nd period - Shot Blocked by Brandon Gormley.
7:55 of 2nd period - Puck is out of play.
7:56 of 2nd period - Nathan MacKinnon wins face-off versus Patrick Kane in Capitals zone.
9:08 of 2nd period - Mike Green is hit by David Perron and loses puck.
9:41 of 2nd period - Brandon Gormley is hit by Teuvo Teravainen and loses puck.
9:42 of 2nd period - Penalty to Colten Teubert is over, Colten Teubert is back on ice.
9:54 of 2nd period - Slapshot by Ethan Bear.
9:54 of 2nd period - Shot Misses the Net.
9:56 of 2nd period - Wrist shot by Jordan Kyrou.
9:56 of 2nd period - Stopped by Cory Schneider with a rebound.
10:21 of 2nd period - Brandon Gormley is hit by Adam Henrique and loses puck.
10:32 of 2nd period - Snap shot by Joe Colborne.
10:32 of 2nd period - Stopped by Carey Price without a rebound.
10:33 of 2nd period - Drew Shore wins face-off versus Nicklas Backstrom in Blues zone.
10:35 of 2nd period - Minor Penalty to Jordan Kyrou for Holding.
10:36 of 2nd period - Drew Shore wins face-off versus Nicklas Backstrom in Blues zone.
10:44 of 2nd period - Shea Theodore is hit by Nick Schmaltz and loses puck.
11:58 of 2nd period - Bobby Ryan is hit by Teuvo Teravainen and loses puck.
12:28 of 2nd period - Icing by Alexei Marchenko.
12:29 of 2nd period - Cody Hodgson wins face-off versus Drew Shore in Capitals zone.
12:35 of 2nd period - Penalty to Jordan Kyrou is over, Jordan Kyrou is back on ice.
13:08 of 2nd period - Devin Shore is hit by Sergey Kalinin and loses puck.
13:45 of 2nd period - Slapshot by Colten Teubert.
13:45 of 2nd period - Stopped by Carey Price without a rebound.
13:46 of 2nd period - Joe Colborne wins face-off versus Nathan MacKinnon in Blues zone.
14:03 of 2nd period - Wrist shot by Nathan MacKinnon.
14:03 of 2nd period - Shot Misses the Net.
14:13 of 2nd period - Filip Forsberg is hit by Nicolas Aube-Kubel and loses puck.
14:22 of 2nd period - Wrist shot by Nicolas Aube-Kubel.
14:22 of 2nd period - Stopped by Carey Price with a rebound.
14:24 of 2nd period - Slapshot by Colten Teubert.
14:24 of 2nd period - Shot Blocked by Nathan MacKinnon.
14:26 of 2nd period - Slapshot by Joe Colborne.
14:26 of 2nd period - Stopped by Carey Price with a rebound.
14:28 of 2nd period - Slapshot by Brandon Burlon.
14:28 of 2nd period - Deflect By Joe Colborne.
14:28 of 2nd period - Shot Blocked by Seth Jones.
14:28 of 2nd period - Puck is out of play.
14:29 of 2nd period - Teuvo Teravainen wins face-off versus Nicklas Backstrom in Blues zone.
14:34 of 2nd period - Snap shot by Teuvo Teravainen.
14:34 of 2nd period - Stopped by Cory Schneider with a rebound.
14:56 of 2nd period - Nick Schmaltz is hit by Bobby Ryan.
15:02 of 2nd period - Wrist shot by Adam Henrique.
15:02 of 2nd period - Deflect By Nick Schmaltz.
15:02 of 2nd period - Shot Blocked by Alexei Marchenko.
15:02 of 2nd period - Puck is out of play.
15:03 of 2nd period - Nathan MacKinnon wins face-off versus Cody Hodgson in Capitals zone.
15:34 of 2nd period - Wrist shot by Cody Hodgson.
15:34 of 2nd period - Shot Misses the Net.
15:36 of 2nd period - Slapshot by Colten Teubert.
15:36 of 2nd period - Stopped by Carey Price without a rebound.
15:37 of 2nd period - Patrick Kane wins face-off versus Devin Shore in Blues zone.
16:14 of 2nd period - Minor Penalty to Cody Ceci for Holding Stick.
16:15 of 2nd period - Drew Shore wins face-off versus Nicklas Backstrom in Blues zone.
16:28 of 2nd period - Backhand shot by Patrick Kane.
16:28 of 2nd period - Goal by Patrick Kane - Capitals : 3 - Blues : 2.
16:29 of 2nd period - Nathan MacKinnon wins face-off versus Nicklas Backstrom in neutral zone.
16:34 of 2nd period - Backhand shot by Nathan MacKinnon.
16:34 of 2nd period - Shot Misses the Net.
16:36 of 2nd period - Snap shot by Nathan MacKinnon.
16:36 of 2nd period - Shot Misses the Net.
16:46 of 2nd period - Wrist shot by Nathan MacKinnon.
16:46 of 2nd period - Shot Misses the Net.
17:06 of 2nd period - Snap shot by Cody Hodgson.
17:06 of 2nd period - Stopped by Carey Price with a rebound.
17:18 of 2nd period - Slapshot by Seth Jones.
17:18 of 2nd period - Shot Misses the Net.
17:46 of 2nd period - Wrist shot by Drew Shore.
17:46 of 2nd period - Stopped by Cory Schneider without a rebound.
17:47 of 2nd period - Cody Hodgson wins face-off versus Nathan MacKinnon in Capitals zone.
17:47 of 2nd period - Cody Hodgson is hit by Nikolaj Ehlers.
18:21 of 2nd period - Icing by Brandon Montour.
18:22 of 2nd period - Devin Shore wins face-off versus Cody Hodgson in Blues zone.
19:28 of 2nd period - Off-side.
19:29 of 2nd period - Nicklas Backstrom wins face-off versus Nathan MacKinnon in neutral zone.
Goals for this period are 2 for Capitals vs 1 for Blues.
Shots for this period are 13 for Capitals vs 6 for Blues.
3rd period
0:01 of 3rd period - Patrick Kane wins face-off versus Nathan MacKinnon in neutral zone.
0:14 of 3rd period - Snap shot by Patrick Kane.
0:14 of 3rd period - Shot Misses the Net.
0:26 of 3rd period - Brandon Gormley is hit by Adam Henrique.
0:41 of 3rd period - Shea Theodore is hit by David Perron and loses puck.
1:19 of 3rd period - Blake Pietila is hit by Travis Sanheim.
1:39 of 3rd period - Slapshot by Colten Teubert.
1:39 of 3rd period - Stopped by Carey Price without a rebound.
1:40 of 3rd period - Nicklas Backstrom wins face-off versus Drew Shore in Blues zone.
1:51 of 3rd period - Wrist shot by Nicklas Backstrom.
1:51 of 3rd period - Deflect By Patrick Kane.
1:51 of 3rd period - Stopped by Carey Price with a rebound.
2:04 of 3rd period - Icing by Jordan Kyrou.
2:05 of 3rd period - Nathan MacKinnon wins face-off versus Cody Hodgson in Blues zone.
2:14 of 3rd period - Cody Hodgson is hit by Josh Morrissey and loses puck.
2:45 of 3rd period - Slapshot by Nikolaj Ehlers.
2:45 of 3rd period - Shot Misses the Net.
2:55 of 3rd period - Wrist shot by Filip Forsberg.
2:55 of 3rd period - Stopped by Cory Schneider without a rebound.
2:56 of 3rd period - Nicklas Backstrom wins face-off versus Devin Shore in Capitals zone.
3:01 of 3rd period - Seth Jones is hit by Patrick Kane and loses puck.
5:07 of 3rd period - Off-side.
5:08 of 3rd period - Joe Colborne wins face-off versus Dominik Simon in neutral zone.
5:23 of 3rd period - Snap shot by Joe Colborne.
5:23 of 3rd period - Stopped by Carey Price without a rebound.
5:24 of 3rd period - Nathan MacKinnon wins face-off versus Nicklas Backstrom in Blues zone.
5:59 of 3rd period - Slapshot by Seth Jones.
5:59 of 3rd period - Stopped by Cory Schneider with a rebound.
6:01 of 3rd period - Wrist shot by Teuvo Teravainen.
6:01 of 3rd period - Shot Blocked by Cody Hodgson.
6:17 of 3rd period - Wrist shot by Joe Colborne.
6:17 of 3rd period - Deflect By Nicolas Aube-Kubel.
6:17 of 3rd period - Shot Misses the Net.
6:17 of 3rd period - Puck is out of play.
6:18 of 3rd period - Nathan MacKinnon wins face-off versus Nicklas Backstrom in Blues zone.
6:45 of 3rd period - Snap shot by Patrick Kane.
6:45 of 3rd period - Shot Misses the Net.
6:59 of 3rd period - Marko Dano is hit by Josh Morrissey and loses puck.
7:55 of 3rd period - Sergey Kalinin is hit by Seth Jones and loses puck.
8:40 of 3rd period - Wrist shot by Phil Kessel.
8:40 of 3rd period - Deflect By Seth Jones.
8:40 of 3rd period - Shot Misses the Net.
8:40 of 3rd period - Puck is out of play.
8:41 of 3rd period - Nathan MacKinnon wins face-off versus Taylor Hall in Blues zone.
8:54 of 3rd period - Wrist shot by Patrick Kane.
8:54 of 3rd period - Shot Misses the Net.
8:58 of 3rd period - Wrist shot by Taylor Hall.
8:58 of 3rd period - Shot Blocked by Ethan Bear.
9:08 of 3rd period - Travis Sanheim is hit by Brandon Gormley and loses puck.
9:15 of 3rd period - Alexei Marchenko is hit by Filip Forsberg and loses puck.
9:36 of 3rd period - Snap shot by Nathan MacKinnon.
9:36 of 3rd period - Stopped by Cory Schneider with a rebound.
9:38 of 3rd period - Snap shot by Filip Forsberg.
9:38 of 3rd period - Stopped by Cory Schneider without a rebound.
9:39 of 3rd period - Devin Shore wins face-off versus Nicklas Backstrom in Capitals zone.
9:49 of 3rd period - Off-side.
9:50 of 3rd period - Nicklas Backstrom wins face-off versus Devin Shore in neutral zone.
10:04 of 3rd period - Off-side.
10:05 of 3rd period - Nicklas Backstrom wins face-off versus Adam Henrique in neutral zone.
10:30 of 3rd period - Cody Hodgson is hit by Seth Jones and loses puck.
10:55 of 3rd period - Snap shot by Jeff Skinner.
10:55 of 3rd period - Shot Blocked by Ethan Bear.
10:57 of 3rd period - Slapshot by Nicolas Aube-Kubel.
10:57 of 3rd period - Stopped by Carey Price without a rebound.
10:58 of 3rd period - Devin Shore wins face-off versus Joe Colborne in Blues zone.
11:57 of 3rd period - Off-side.
11:58 of 3rd period - Nathan MacKinnon wins face-off versus Nicklas Backstrom in neutral zone.
12:05 of 3rd period - Brandon Gormley is hit by Brandon Montour and loses puck.
12:33 of 3rd period - Minor Penalty to Josh Morrissey for Holding.
12:34 of 3rd period - Drew Shore wins face-off versus Nicklas Backstrom in Blues zone.
12:48 of 3rd period - Slapshot by Alexei Marchenko.
12:48 of 3rd period - Deflect By Brandon Montour.
12:48 of 3rd period - Stopped by Carey Price with a rebound.
12:50 of 3rd period - Backhand shot by Alexei Marchenko.
12:50 of 3rd period - Stopped by Carey Price with a rebound.
13:48 of 3rd period - Seth Jones is hit by Alexei Marchenko and loses puck.
14:06 of 3rd period - Icing by Patrick Kane.
14:07 of 3rd period - Nicklas Backstrom wins face-off versus Filip Forsberg in Capitals zone.
14:18 of 3rd period - Snap shot by Marko Dano.
14:18 of 3rd period - Stopped by Carey Price with a rebound.
14:20 of 3rd period - Snap shot by Marko Dano.
14:20 of 3rd period - Deflect By Bobby Ryan.
14:20 of 3rd period - Stopped by Carey Price without a rebound.
14:21 of 3rd period - Drew Shore wins face-off versus Cody Hodgson in Blues zone.
14:21 of 3rd period - Drew Shore is hit by Cody Hodgson.
14:33 of 3rd period - Penalty to Josh Morrissey is over, Josh Morrissey is back on ice.
16:02 of 3rd period - Ethan Bear is hit by Colten Teubert and loses puck.
16:09 of 3rd period - Ethan Bear is hit by Sergey Kalinin and loses puck.
16:54 of 3rd period - Minor Penalty to Jujhar Khaira for Delaying the game.
16:55 of 3rd period - Drew Shore wins face-off versus Nicklas Backstrom in Blues zone.
17:10 of 3rd period - Wrist shot by Drew Shore.
17:10 of 3rd period - Stopped by Cory Schneider with a rebound.
18:53 of 3rd period - Bobby Ryan is hit by David Perron and loses puck.
18:54 of 3rd period - Penalty to Jujhar Khaira is over, Jujhar Khaira is back on ice.
18:56 of 3rd period - Blues, Carey Price is pulled from the net.
19:38 of 3rd period - Shea Theodore is hit by Travis Sanheim and loses puck.
19:43 of 3rd period - Wrist shot by David Perron.
19:43 of 3rd period - Stopped by Cory Schneider without a rebound.
19:44 of 3rd period - Paul Kariya call a timeout for Blues.
19:44 of 3rd period - Nathan MacKinnon wins face-off versus Nicklas Backstrom in Capitals zone.
19:51 of 3rd period - Slapshot by Nathan MacKinnon.
19:51 of 3rd period - Deflect By Filip Forsberg.
19:51 of 3rd period - Shot Misses the Net.
19:51 of 3rd period - Puck is out of play.
19:52 of 3rd period - Nicklas Backstrom wins face-off versus Nathan MacKinnon in Capitals zone.
19:52 of 3rd period - Nicklas Backstrom is hit by Nathan MacKinnon.
19:57 of 3rd period - Off-side.
19:58 of 3rd period - Nathan MacKinnon wins face-off versus Patrick Kane in neutral zone.
Goals for this period are 0 for Capitals vs 0 for Blues.
Shots for this period are 8 for Capitals vs 6 for Blues.